cohdb
Replays
Latest Replays
All Replays
Popular Replays
Top Player Replays
Match Explorer
How It Works
Community
CoH3 Stats
Reddit
Sign in to upload your games and track your stats! →
Sign in with Steam
Match 39973562
Unlisted
Match 39973562
Overview
Messages
Build Orders
End
Construct Barracks
Selects Special Operations Battlegroup
Selects M29 Weasel Recon Vehicle
M29 Weasel Recon Vehicle
Riflemen Squad
Riflemen Squad
Infantry Support Center
Engineer Squad
Construct Motor Pool
Selects Raiding Flares
M29 Weasel Recon Vehicle
M24 Chaffee Light Tank
Selects SSF Commando Squad
SSF Commando Squad
Grenade Package
M1 Anti-tank Gun Team
M1918 Browning Automatic Rifles
SSF Commando Squad
Kable
BAOBAB
marcinlab
PapagaioLouco
Sauzer88
[LoB]Fagio
Andreuz
Leo
0
0
Comments
sign in to comment!
No comments posted yet!